[Event "Early-Titled-Tuesday-Blitz-March-19-2024"]
[Site "Chess.com"]
[Date "2024.03.19"]
[Round "1"]
[White "viktorgen2021"]
[Black "AlexeiShirov"]
[Result "0-1"]
[WhiteElo "2482"]
[BlackElo "2860"]
[TimeControl "180+1"]
[EndTime "8:07:06 PDT"]
[Termination "AlexeiShirov won by resignation"]

1. d4 d5 2. c4 c6 3. Nf3 Nf6 4.
Nc3 e6 5. e3 Nbd7 6. Bd3 dxc4 7. Bxc4 b5 8. Bd3 Bb7 9. O-O a6 10. Ne4 c5 11. Nxf6+ Qxf6 12. b3 cxd4 13. exd4 Bxf3 14.
Qxf3 Qxf3 15. gxf3 Bd6 16. Bb2 Ke7 17. Rac1 Rhc8 18. a4 bxa4 19. bxa4 a5 20. Bb5 Nf6 21.
Rxc8 Rxc8 22. Rc1 Rxc1+ 23. Bxc1 Nd5 24. Bb2 Bb4 25. Kg2 Kd6 26. Kg3 f6 27. Bd3 g6 28.
h4 Kc7 29. h5 Bd6+ 30. Kh4 g5+ 31. Kg4 h6 32. Bc4 f5+ 33. Kh3 Nf4+ 34. Kh2 Nxh5+ 35. Kg1 Nf4 36. Bc1 Kd7 37. Bd2 Bc7 38. Bb5+ Ke7 39.
Bc1 h5 40. Bc4 h4 41. Bf1 Kf6 42. Bd2 Nd5 43. Kg2 Bb6 44. f4 Nxf4+ 45. Kf3 Nd5 46.
Bc4 g4+ 47. Kg2 h3+ 48. Kh1 Bxd4 49. Bxa5 Bxf2 50. Bd2 g3 51. Bf1 g2+ 52. Bxg2 hxg2+ 53.
Kxg2 Be3 54. Be1 e5 55. a5 e4 56. Kf1 f4 57. Ke2 f3+ 58. Kf1 Kf5 59. a6 Ba7 60. Bf2 e3 61. Bxe3 Nxe3+ 0-1

[Event "Early-Titled-Tuesday-Blitz-March-19-2024"]
[Site "Chess.com"]
[Date "2024.03.19"]
[Round "1"]
[White "koncheto"]
[Black "suyu28"]
[Result "1-0"]
[WhiteElo "2500"]
[BlackElo "2846"]
[TimeControl "180+1"]
[EndTime "8:07:08 PDT"]
[Termination "koncheto won on time"]

1. e4 c6 2. d4 d5 3. Nc3 dxe4 4. Nxe4 Bf5 5. Ng3 Bg6 6. Nf3 Nd7 7. h4 h6 8. h5 Bh7 9. Bd3 Bxd3 10. Qxd3 e6 11.
Bd2 Ngf6 12. O-O-O Be7 13. Qe2 O-O 14. Kb1 Qb6 15. Ne5 Rad8 16. Ng6 Rfe8 17. Nxe7+ Rxe7 18. Nf5 Ree8 19. Nd6 Rf8 20. g4 c5 21. Nc4 Qa6 22.
g5 hxg5 23. h6 Nb6 24. hxg7 Rfe8 25. Qe5 Nbd7 26. Qxg5 Nh7 27. Rxh7 f6 28. Qg6 1-0

[Event "Early-Titled-Tuesday-Blitz-March-19-2024"]
[Site "Chess.com"]
[Date "2024.03.19"]
[Round "1"]
[White "tarno17"]
[Black "Sadykov_Ramil"]
[Result "0-1"]
[WhiteElo "2201"]
[BlackElo "2611"]
[TimeControl "180+1"]
[EndTime "8:07:11 PDT"]
[Termination "Sadykov_Ramil won by checkmate"]

1. e4 c5 2. Nf3 e6 3. d3 Nc6 4. g3 d5 5. Nbd2 Nf6 6. Bg2 Be7 7. O-O b6 8. h3 Bb7 9. a3 O-O 10. Re1 b5 11. g4 dxe4 12. dxe4 e5 13. Qe2 c4 14.
Nf1 Nd7 15. Ng3 g6 16. Bh6 Re8 17. Rad1 Qc7 18. Qe3 Rad8 19. h4 Bc5 20. Qg5 f6 21. Qc1 Qb6 22. Rf1 Nf8 23. g5 fxg5 24. Nxg5 Nd4 25. h5 Qf6 26. Kh1 Nfe6 27. Rde1 Rd6 28. c3 Nb3 29. Qc2 Rd2 30. Qb1 Rxf2 31. Rxf2 Qxf2 32.
Nxe6 Qxg3 33. Qd1 Qh4+ 34. Bh3 Qxh3# 0-1

[Event "Early-Titled-Tuesday-Blitz-March-19-2024"]
[Site "Chess.com"]
[Date "2024.03.19"]
[Round "1"]
[White "bobo_panda"]
[Black "Hope_6"]
[Result "0-1"]
[WhiteElo "2359"]
[BlackElo "2707"]
[TimeControl "180+1"]
[EndTime "8:07:13 PDT"]
[Termination "Hope_6 won by checkmate"]

1. e4 c6 2. d4 d5 3. e5 Bf5 4. h4 h5 5. Bd3 Bxd3 6. Qxd3 e6 7.
Bg5 Qb6 8. Nd2 Ne7 9. Ne2 Nf5 10. Ng3 Qxd4 11. Nxf5 Qxd3 12. cxd3 exf5 13. O-O Nd7 14. d4 Be7 15. b4 Bxg5 16. hxg5 Nf8 17. a4 Ne6 18.
Nf3 g6 19. b5 Kd7 20. Rfb1 Rab8 21. b6 a6 22. a5 Rbc8 23. Rd1 Rhd8 24. Rac1 Ke7 25. Rc2 Rd7 26. Kh2 c5 27. Kg3 Rc6 28.
Rdc1 Rd8 29. dxc5 Rdc8 30. Rd2 Rxc5 31. Rcd1 Rxa5 32. Rxd5 Rxd5 33. Rxd5 Rc6 34. Nd2 Rxb6 35. Nc4 Rb5 36. Rd6 Rc5 37. Nb6 Rxe5 38. Nc8+ Ke8 39. Rb6 Kd8 40. Nd6 Kc7 41. Nc4 Re4 42. Rb4 a5 43. Ra4 b5 44. Rxa5 bxc4 45. Ra7+ Kd6 46. f3 Rd4 47. Rxf7 c3 48. Rh7 c2 49. Rh6 c1=Q 50.
Rxg6 Qf4+ 51. Kh3 Qh4# 0-1

[Event "Early-Titled-Tuesday-Blitz-March-19-2024"]
[Site "Chess.com"]
[Date "2024.03.19"]
[Round "1"]
[White "zurzan"]
[Black "Ginger_GM"]
[Result "0-1"]
[WhiteElo "2042"]
[BlackElo "2586"]
[TimeControl "180+1"]
[EndTime "8:07:13 PDT"]
[Termination "Ginger_GM won on time"]

1. c4 f5 2. g3 Nf6 3. Bg2 d6 4. d4 e6 5. Nc3 Be7 6. Nf3 O-O 7.
O-O a5 8. b3 Ne4 9. Qc2 Nxc3 10. Qxc3 Nc6 11. Nd2 Bf6 12. e3 e5 13. Nf3 g5 14. Rd1 Qe7 15. Ba3 e4 16. Ne1 g4 17.
Rac1 h5 18. Qc2 Nb4 19. Bxb4 axb4 20. c5 d5 21. c6 b6 22. Rd2 h4 23. Qd1 Kg7 24.
Nc2 Rxa2 25. Qe1 Qd6 26. Rdd1 Be7 27. Qf1 Ba6 28. Qe1 Bd3 29. Rd2 Rh8 30. Bf1 hxg3 31. fxg3 Bxc2 32. Rdxc2 Ra3 33. Rb2 Bg5 34. Kg2 Qh6 35.
Kg1 Be7 36. Bb5 Raa8 37. Rcb1 Bd6 38. Rg2 Qg5 39. Qf1 Rh3 40. Rf2 Qxe3 0-1

[Event "Early-Titled-Tuesday-Blitz-March-19-2024"]
[Site "Chess.com"]
[Date "2024.03.19"]
[Round "1"]
[White "rezamahdavi2008"]
[Black "Jojo_898"]
[Result "1-0"]
[WhiteElo "2862"]
[BlackElo "2487"]
[TimeControl "180+1"]
[EndTime "8:07:15 PDT"]
[Termination "rezamahdavi2008 won by resignation"]

1. e4 d6 2. d4 Nf6 3. Nc3 g6 4. Be3 c6 5. h3 b5 6. a3 Bg7 7.
f4 O-O 8. Nf3 a5 9. Bd3 Bb7 10.
e5 dxe5 11. dxe5 Nd5 12. Nxd5 Qxd5 13. Qe2 Na6 14. Rd1 Qa2 15. c3 Nc7 16. O-O Nd5 17. Bc1 Nb6 18. Kh1 Rad8 19. Be4 Na4 20. Qc2 Nc5 21.
Nd4 Nxe4 22. Qxe4 Ba8 23. Qc2 Qc4 24. b3 Qc5 25. Rfe1 Qa7 26. Be3 Qb7 27. Nf3 Qc7 28.
Bc5 Rd5 29. Rxd5 cxd5 30. b4 axb4 31. axb4 Bc6 32. Nd4 Bd7 33. Bxe7 Ra8 34. Bc5 Qc8 35. Kh2 Ra3 36. Re3 Qa6 37. Qe2 Ra2 38. Qf3 Be6 39. f5 gxf5 40. Nxf5 Bxf5 41. Qxf5 Qg6 42. Qc8+ 1-0

[Event "Early-Titled-Tuesday-Blitz-March-19-2024"]
[Site "Chess.com"]
[Date "2024.03.19"]
[Round "1"]
[White "bulletteemo"]
[Black "willcab71"]
[Result "1-0"]
[WhiteElo "2597"]
[BlackElo "2111"]
[TimeControl "180+1"]
[EndTime "8:07:15 PDT"]
[Termination "bulletteemo won on time"]

1. e4 e6 2. d4 d5 3. Nc3 Bb4 4. e5 Ne7 5. Bd2 a6 6. a3 Bxc3 7.
Bxc3 c5 8. dxc5 Nbc6 9. Nf3 Ng6 10. Bd3 Qc7 11. Bxg6 hxg6 12. Bd4 a5 13. O-O Bd7 14.
Re1 Rh5 15. Qd2 a4 16. Qf4 Rf5 17. Qh4 Rh5 18. Qf4 Rf5 19. Qe3 Na5 20. b3 Kf8 21.
g4 Rxf3 22. Qxf3 Bc6 23. h4 Kg8 24. Kg2 Qe7 25. Qg3 Rc8 26. Re3 Bb5 27. Qf4 Bc6 28. Rh1 Bb5 29. Bc3 d4 30. Qxd4 Bc6+ 31. f3 Rd8 32. Qf4 Qxc5 33. b4 1-0

[Event "Early-Titled-Tuesday-Blitz-March-19-2024"]
[Site "Chess.com"]
[Date "2024.03.19"]
[Round "1"]
[White "Agibileg"]
[Black "unclear15"]
[Result "1-0"]
[WhiteElo "2820"]
[BlackElo "2447"]
[TimeControl "180+1"]
[EndTime "8:07:16 PDT"]
[Termination "Agibileg won on time"]

1. d4 Nf6 2. c4 e6 3. Nc3 Bb4 4. e3 O-O 5. Bd3 c5 6. Ne2 d5 7.
cxd5 exd5 8. O-O Nc6 9. a3 Bxc3 10. bxc3 b6 11. Ng3 Re8 12. f3 Qc7 13. Ra2 a5 14. Re2 Ba6 15. Bxa6 Rxa6 16. e4 cxd4 17. cxd4 Raa8 18.
e5 Nd7 19. f4 b5 20. f5 Nb6 21. f6 g6 22. Qd2 Nd8 23. Qh6 Ne6 24. Ref2 Kh8 25.
Rf4 g5 26. Rg4 Rg8 27. Nf5 Rg6 28. Qh5 b4 29. Ne7 b3 30. Nxg6+ fxg6 31. Qh6 Nc4 32. f7 Rf8 33. Rg3 Rxf7 34. Rxf7 Qxf7 35. Rxb3 Qe8 36. Bxg5 Kg8 37. Rb7 1-0

[Event "Early-Titled-Tuesday-Blitz-March-19-2024"]
[Site "Chess.com"]
[Date "2024.03.19"]
[Round "1"]
[White "Misterfox120"]
[Black "djokovic74"]
[Result "1/2-1/2"]
[WhiteElo "2419"]
[BlackElo "2742"]
[TimeControl "180+1"]
[EndTime "8:07:17 PDT"]
[Termination "Game drawn by agreement"]

1. d4 e6 2. e4 d5 3. exd5 exd5 4. Nf3 Bd6 5. c4 Nf6 6. c5 Be7 7. Bd3 O-O 8. O-O b6 9. b4 a5 10. cxb6 cxb6 11. bxa5 bxa5 12. Nc3 Nc6 13. Ne5 Nxd4 14.
Bxh7+ Nxh7 15. Qxd4 Nf6 16. Nc6 Qc7 17. Nxe7+ Qxe7 18. Nxd5 Nxd5 19. Qxd5 Ba6 20. Bg5 Qb4 21. Rfe1 Rfe8 22.
Bd2 Bb7 23. Bxb4 Bxd5 24. Bxa5 Rec8 25. Bb4 Bxa2 26. h3 Rc2 27. Rec1 Rac8 28. Rxc2 Rxc2 29.
Bd6 Be6 30. Re1 Kh7 31. Bf4 Rc6 32. Be3 Bd5 33. f3 Rc2 34. Bf2 Be6 35. Be3 Ra2 36.
Bf2 Kg6 37. Be3 Kf5 38. Rc1 Ra3 39. Rc5+ 1/2-1/2

[Event "Early-Titled-Tuesday-Blitz-March-19-2024"]
[Site "Chess.com"]
[Date "2024.03.19"]
[Round "1"]
[White "alvarorodriguezavila"]
[Black "aistrel"]
[Result "1-0"]
[WhiteElo "2346"]
[BlackElo "2656"]
[TimeControl "180+1"]
[EndTime "8:07:18 PDT"]
[Termination "alvarorodriguezavila won by resignation"]

1. e4 c6 2. d4 d5 3. e5 Bf5 4.
h4 h5 5. Bd3 Bxd3 6. Qxd3 Qa5+ 7. b4 Qxb4+ 8. c3 Qb5 9. Qxb5 cxb5 10. e6 f6 11. Nf3 Na6 12. O-O Nc7 13. Re1 O-O-O 14.
Bf4 Nh6 15. a4 bxa4 16. Rxa4 a6 17. Nbd2 Nf5 18. Nb3 g6 19. Nc5 Bh6 20. Bh2 g5 21. hxg5 fxg5 22. Rb1 Nd6 23. Bxd6 Rxd6 24. Ne5 Nxe6 25.
Nxb7 Rf8 26. Nxd6+ exd6 27. Rxa6 Bg7 28. Ra8+ Kc7 29.
Ra7+ Kc8 30. Nc6 Nc7 31. Ne7+ Kd8 32. Rbb7 Kxe7 33. Rxc7+ Ke6 34. Rxg7 Rc8 35. Rxg5 Rxc3 36. Rxh5 Rd3 37. Rh4 Rd1+ 38. Kh2 Rd2 39. f3 Kf5 40. Rah7 Rd1 41. R7h5+ Ke6 42. Kg3 Re1 43. Rg4 Kd7 44. Rxd5 Kc6 45. Rh5 Rd1 46. d5+ Kc5 47. Rg8 Kd4 48.
Rc8 Rh1 49. Rxh1 Kxd5 50. Rd1+ Ke5 51. Re8+ Kf5 52. Rd5+ 1-0

[Event "Early-Titled-Tuesday-Blitz-March-19-2024"]
[Site "Chess.com"]
[Date "2024.03.19"]
[Round "1"]
[White "Sina_Movahed"]
[Black "Kolle05"]
[Result "1-0"]
[WhiteElo "3088"]
[BlackElo "2569"]
[TimeControl "180+1"]
[EndTime "8:07:19 PDT"]
[Termination "Sina_Movahed won on time"]

1. e4 e5 2. Nf3 Nc6 3. Bb5 a6 4. Ba4 Bc5 5. O-O Nge7 6. c3 Ng6 7.
d4 Ba7 8. Bg5 f6 9. Be3 O-O 10.
Re1 Kh8 11. Nbd2 exd4 12. cxd4 d5 13. h3 Nb4 14. Qb3 dxe4 15. Nxe4 Nd5 16. Qa3 Be6 17. Nc5 Bxc5 18. dxc5 Nxe3 19. Qxe3 Bf7 20. Rad1 Qc8 21.
Bd7 Qb8 22. h4 Rd8 23. h5 Nf8 24. Bg4 Rxd1 25. Rxd1 Qe8 26. Qf4 Ne6 27. Bxe6 Qxe6 28. Qxc7 Bxh5 29. Qxb7 Re8 30. Qd7 Qxd7 31. Rxd7 h6 32. Nd4 Re1+ 33. Kh2 Rc1 34. c6 Bg4 35. Rd8+ Kh7 36. f3 Bh5 37. b4 Rc4 38. a3 Bf7 39.
Rd7 Be8 40. Ne6 1-0

[Event "Early-Titled-Tuesday-Blitz-March-19-2024"]
[Site "Chess.com"]
[Date "2024.03.19"]
[Round "1"]
[White "Igor_Lysyj"]
[Black "AccioChess"]
[Result "1-0"]
[WhiteElo "2807"]
[BlackElo "2439"]
[TimeControl "180+1"]
[EndTime "8:07:19 PDT"]
[Termination "Igor_Lysyj won on time"]

1. d4 d5 2. c4 c6 3. Nf3 Nf6 4. e3 Bf5 5. cxd5 cxd5 6. Qb3 Qb6 7. Qxb6 axb6 8. Nc3 Bd7 9. Ne5 e6 10. Bd2 Bb4 11.
f3 O-O 12. Bd3 Nc6 13. Nxd7 Nxd7 14. Ke2 Bxc3 15. Bxc3 f5 16. Rhc1 Kf7 17. Kf2 Rfc8 18.
Bd2 Nf6 19. Be2 Ne7 20. a3 Rxc1 21. Rxc1 Rc8 22. Rxc8 Nxc8 23. b3 Ne7 24. Bd3 Nc6 25. Ke2 g5 26. Be1 g4 27. Bg3 Na5 28. Bc2 h5 29. Bc7 Nd7 30. Kd2 Nc6 31. Kc3 gxf3 32. gxf3 Ne7 33. Bd3 Nc8 34. b4 Ke7 35. a4 Nd6 36. a5 bxa5 37. bxa5 Nc8 38. Kb4 Na7 39. Ka4 Nc8 40. Be2 Na7 41. Bg3 Nc6 42. f4 Nf6 43. Bh4 Kf7 44. Bxf6 Kxf6 45. Bxh5 Ne7 46. Kb5 Nc6 47.
Kb6 1-0

[Event "Early-Titled-Tuesday-Blitz-March-19-2024"]
[Site "Chess.com"]
[Date "2024.03.19"]
[Round "1"]
[White "aksuliini1"]
[Black "Alenzer"]
[Result "1-0"]
[WhiteElo "2605"]
[BlackElo "2156"]
[TimeControl "180+1"]
[EndTime "8:07:19 PDT"]
[Termination "aksuliini1 won by checkmate"]

1. Nf3 d5 2. d4 e6 3. c4 c5 4. cxd5 exd5 5. Nc3 Nf6 6. Bg5 cxd4 7. Nxd4 Be6 8. Nxe6 fxe6 9. e3 Nc6 10. Bd3 Be7 11.
O-O O-O 12. Rc1 e5 13. Bxf6 Bxf6 14. Nxd5 Kh8 15. Be4 Rc8 16. b4 a6 17. Qb3 b5 18.
Rfd1 Qe8 19. a3 a5 20. Qd3 axb4 21. Bxh7 Qh5 22. Bg6 Qh6 23. axb4 Bh4 24. g3 Bxg3 25. hxg3 Rxf2 26. Kxf2 Qh2+ 27. Ke1 Rf8 28. Bf5 g6 29. Rxc6 Rxf5 30. Nf4 Qg1+ 31. Kd2 Qxg3 32. Nxg6+ Kg7 33. Qxf5 Qf2+ 34. Kd3 Kg8 35. Rc8+ Kg7 36. Rc7+ Kh6 37. Rh1+ Qh4 38. Rxh4# 1-0

[Event "Early-Titled-Tuesday-Blitz-March-19-2024"]
[Site "Chess.com"]
[Date "2024.03.19"]
[Round "1"]
[White "RandomNoob04"]
[Black "javierfreilemartin"]
[Result "1-0"]
[WhiteElo "2660"]
[BlackElo "2309"]
[TimeControl "180+1"]
[EndTime "8:07:20 PDT"]
[Termination "RandomNoob04 won by resignation"]

1. e4 c5 2. d4 cxd4 3. c3 d3 4.
Bxd3 e6 5. Nf3 d6 6. O-O a6 7. c4 Nd7 8. Nc3 Ngf6 9. h3 b6 10. Bf4 Bb7 11. Qe2 Qc7 12. Rfd1 Be7 13. Rd2 O-O 14.
Rad1 Ne5 15. Nxe5 dxe5 16. Bg5 h6 17. Bh4 Rfd8 18. Bc2 Rxd2 19. Rxd2 Rc8 20. b3 b5 21. Bd3 b4 22. Na4 a5 23. Bc2 Bc6 24. Nb2 Qb7 25.
f3 Nh5 26. Bxe7 Qxe7 27. Nd3 Rd8 28. Qe3 Qf6 29. Qb6 Qg5 30. Rf2 Be8 31. Qxa5 Rxd3 32.
Bxd3 Nf4 33. h4 Qxh4 34. Bf1 Qg5 35. g4 h5 36. Qa8 Kf8 37. Rh2 hxg4 38. Rh8+ Ke7 39.
Rxe8+ Kd6 40. Qd8+ Kc5 41. Qxg5 gxf3 42. Qxe5+ Kb6 43. Qxf4 f6 44. Qe3+ Kc7 45. Qxf3 e5 46. Rg8 Kd6 47. Rxg7 Kc5 48. Qe3+ 1-0

[Event "Early-Titled-Tuesday-Blitz-March-19-2024"]
[Site "Chess.com"]
[Date "2024.03.19"]
[Round "1"]
[White "JonasEilenberg"]
[Black "Pragmatist237"]
[Result "1-0"]
[WhiteElo "2584"]
[BlackElo "1887"]
[TimeControl "180+1"]
[EndTime "8:07:21 PDT"]
[Termination "JonasEilenberg won by checkmate"]

1. d4 Nf6 2. Nf3 b6 3. Bf4 Bb7 4. c3 d6 5. Nbd2 g6 6. h3 Bg7 7. e3 O-O 8. Be2 Nbd7 9. O-O Qe8 10. Bh2 e5 11. a4 Ne4 12. Nxe4 Bxe4 13. a5 Bxf3 14.
Bxf3 e4 15. Be2 Nf6 16. Qb3 Qd7 17. f3 exf3 18. Bxf3 d5 19. Be5 Ne4 20. Bxe4 dxe4 21. Bxg7 Kxg7 22. Qc4 f5 23. b4 Qf7 24. Qc6 Rac8 25.
Ra3 Rfd8 26. Rfa1 Qf6 27. Qb7 Re8 28. Qxa7 f4 29. Rf1 f3 30. axb6 Ra8 31. Qxc7+ Re7 32. Rxa8 Rxc7 33. bxc7 Qg5 34. Rf2 Qxe3 35. c8=Q Qe1+ 36.
Kh2 Qxf2 37. Qf8# 1-0

[Event "Early-Titled-Tuesday-Blitz-March-19-2024"]
[Site "Chess.com"]
[Date "2024.03.19"]
[Round "1"]
[White "Mikhail_Golubev"]
[Black "Chessdude1987"]
[Result "1-0"]
[WhiteElo "2726"]
[BlackElo "2389"]
[TimeControl "180+1"]
[EndTime "8:07:22 PDT"]
[Termination "Mikhail_Golubev won on time"]

1. e4 e6 2. d4 d5 3. e5 c5 4. c3 Nc6 5. Nf3 Qb6 6. Bd3 Nh6 7.
O-O cxd4 8. Re1 Nf5 9. Bxf5 exf5 10. cxd4 Be6 11. Nc3 h6 12. h4 Be7 13. Ne2 O-O-O 14. h5 Rdg8 15. Nf4 Kb8 16. Be3 Nd8 17. Rc1 g5 18.
hxg6 fxg6 19. Qc2 a6 20. a4 g5 21. a5 Qc6 22. Qxc6 bxc6 23. Nxe6 Nxe6 24. Rxc6 Nc7 25.
Rec1 Bd8 26. Bd2 g4 27. Ne1 Rh7 28. Nd3 Bg5 29. Bf4 Bxf4 30. Nxf4 g3 31. f3 h5 32. R1c5 Rd8 33. Rb6+ Ka7 34. Rd6 Rxd6 35.
exd6 Nb5 36. Nxd5 Nxd6 37. Rc7+ Rxc7 38. Nxc7 Nc4 39. Ne6 Nxb2 40. Ng7 Nc4 41. Nxh5 1-0

[Event "Early-Titled-Tuesday-Blitz-March-19-2024"]
[Site "Chess.com"]
[Date "2024.03.19"]
[Round "1"]
[White "Dr_Pepper18"]
[Black "CarlosjPineror"]
[Result "0-1"]
[WhiteElo "2366"]
[BlackElo "2720"]
[TimeControl "180+1"]
[EndTime "8:07:22 PDT"]
[Termination "CarlosjPineror won on time"]

1. d4 Nf6 2. Nf3 e6 3. c4 Bb4+ 4. Nbd2 O-O 5. a3 Bxd2+ 6. Qxd2 Qe7 7. e3 d6 8. Be2 e5 9. O-O Nbd7 10. dxe5 dxe5 11. b4 c6 12. Bb2 Re8 13. Rfd1 e4 14.
Nd4 Nf8 15. Nb3 Ng6 16. Qd6 Be6 17. Qxe7 Rxe7 18. Nc5 b6 19. Bxf6 gxf6 20. Nxe4 f5 21. Nd6 f4 22. exf4 Nxf4 23. Bf3 Rc7 24. g3 Ng6 25. b5 Ne5 26. Be2 cxb5 27. Nxb5 Rc5 28. Rd4 a6 29. Nd6 Rd8 30. Rad1 Nc6 31. R4d2 Kf8 32. Ne4 Rxd2 33. Rxd2 Ra5 34. Rd6 Ne5 35. Rxb6 Nxc4 36. Rb8+ Kg7 37. Rb7 h6 38. a4 Rxa4 39.
Nc5 Ra1+ 40. Bf1 Bd5 41. Rd7 Bf3 42. Nd3 Be2 0-1

[Event "Early-Titled-Tuesday-Blitz-March-19-2024"]
[Site "Chess.com"]
[Date "2024.03.19"]
[Round "1"]
[White "AttackSparrow"]
[Black "AlessiaSanteramo"]
[Result "1-0"]
[WhiteElo "2629"]
[BlackElo "2254"]
[TimeControl "180+1"]
[EndTime "8:07:22 PDT"]
[Termination "AttackSparrow won by resignation"]

1. Nf3 Nf6 2. e3 Nc6 3. d4 d5 4. c4 e6 5. Nc3 Bb4 6. a3 Bxc3+ 7. bxc3 Ne4 8. Qc2 f5 9. a4 O-O 10. Ba3 Rf6 11. g3 Rh6 12. Bd3 Bd7 13. h4 Be8 14.
cxd5 exd5 15. c4 Bh5 16. Ng5 Nxg5 17. hxg5 Qxg5 18. cxd5 Re8 19. dxc6 Rxe3+ 20. fxe3 Qxe3+ 21. Kf1 Qf3+ 22. Ke1 Qxh1+ 23. Kd2 Qg2+ 24. Kc3 Rxc6+ 25. Bc5 Qxc2+ 26. Kxc2 b6 27. Bb5 Rg6 28. Be7 Rxg3 29. Bd8 g5 30. Bxc7 f4 31. d5 Bg6+ 32. Kb2 Rg2+ 33.
Ka3 Rd2 34. d6 Bf5 35. Re1 f3 36. Re5 Bh3 37. Rxg5+ Kf7 38. Rg3 Rd3+ 39. Bxd3 1-0

[Event "Early-Titled-Tuesday-Blitz-March-19-2024"]
[Site "Chess.com"]
[Date "2024.03.19"]
[Round "1"]
[White "PepeCuenca"]
[Black "el_sporco"]
[Result "1-0"]
[WhiteElo "2723"]
[BlackElo "2388"]
[TimeControl "180+1"]
[EndTime "8:07:23 PDT"]
[Termination "PepeCuenca won on time"]

1. d4 Nf6 2. Bf4 Na6 3. Nc3 c5 4. d5 d6 5. e4 Nc7 6. a4 e6 7.
h3 exd5 8. exd5 g6 9. Nf3 Bg7 10. Be2 O-O 11. O-O b6 12. Qd2 Bb7 13. Bg5 h6 14.
Bxh6 Ncxd5 15. Bxg7 Kxg7 16. Nxd5 Bxd5 17. Rfd1 Qc7 18.
Qc3 Bc6 19. b4 Rad8 20. Nh2 Qe7 21. bxc5 Qxe2 22. Ng4 Qe6 23. Re1 Qf5 24. cxb6 Rc8 25. bxa7 Ba8 26. Qd4 Rxc2 27. Rac1 Rfc8 28. Rxc2 Rxc2 29.
Rf1 Rc7 30. Re1 Rxa7 31. Qxa7 Nxg4 32. hxg4 Qd5 33. f3 1-0

[Event "Early-Titled-Tuesday-Blitz-March-19-2024"]
[Site "Chess.com"]
[Date "2024.03.19"]
[Round "1"]
[White "Jahonas"]
[Black "nikitakhoroshev"]
[Result "1/2-1/2"]
[WhiteElo "2353"]
[BlackElo "2679"]
[TimeControl "180+1"]
[EndTime "8:07:23 PDT"]
[Termination "Game drawn - insufficient material"]

1. d4 d5 2. c4 dxc4 3. e3 e5 4. Nf3 exd4 5. Qxd4 Qxd4 6. Nxd4 c6 7.
Bxc4 Nf6 8. Nc3 Bc5 9. Nf3 O-O 10. O-O Bf5 11. a3 a5 12. Nd4 Bg6 13. Rd1 Nbd7 14. Bd2 Ne5 15. Be2 Rfd8 16. Na4 Be7 17. Nb6 Rab8 18.
Bxa5 Nd5 19. Nxd5 Rxd5 20. Bc3 Rbd8 21. Nf3 Nd3 22. Bxd3 Bxd3 23. Rd2 f6 24. Rad1 c5 25. Ne1 Bc4 26. Rxd5 Rxd5 27. Rxd5 Bxd5 28. f3 Kf7 29. Nd3 Bc4 30. Nc1 Ke6 31. Kf2 g5 32. g3 f5 33.
b4 b6 34. Ne2 Kd5 35. h3 Bxe2 36. Kxe2 Kc4 37. Bd2 cxb4 38. axb4 Bxb4 39. Bc1 Bd6 40. g4 fxg4 41. hxg4 b5 42. f4 gxf4 43. exf4 b4 44.
g5 b3 45. Kf3 Kc3 46. f5 Kc2 47.
g6 hxg6 48. fxg6 Kxc1 49. g7 b2 50. g8=Q b1=Q 51. Qg1+ Kb2 52. Qxb1+ Kxb1 1/2-1/2

[Event "Early-Titled-Tuesday-Blitz-March-19-2024"]
[Site "Chess.com"]
[Date "2024.03.19"]
[Round "1"]
[White "Iskusnyh"]
[Black "VladimirBugayev"]
[Result "0-1"]
[WhiteElo "2650"]
[BlackElo "2335"]
[TimeControl "180+1"]
[EndTime "8:07:23 PDT"]
[Termination "VladimirBugayev won by checkmate"]

1. d4 Nf6 2. c4 c5 3. d5 b5 4.
cxb5 a6 5. e3 g6 6. Nc3 Bg7 7.
a4 O-O 8. e4 e6 9. e5 Nxd5 10.
Nxd5 exd5 11. Qxd5 Ra7 12. Nf3 axb5 13. Bxb5 Bb7 14. Qxc5 Bxf3 15. Qxa7 Bxg2 16. Rg1 Bf3 17. Bf4 Nc6 18. Qe3 Bd5 19. O-O-O Nb4 20. Qc5 Na2+ 21. Kb1 Be6 22. Bc4 Qa8 23. Bxa2 Bxa2+ 24. Kxa2 Qxa4+ 25. Kb1 Qe4+ 26. Qc2 Qxf4 27. Rxd7 Qxe5 28. Rgd1 Bf6 29.
Rb7 Qxh2 30. Rdd7 Qh1+ 31. Qd1 Qe4+ 32. Qd3 Qe1+ 33. Kc2 Rc8+ 34. Kb3 Qxf2 35. Qd2 Qf3+ 36. Ka2 Ra8+ 37. Kb1 Qf5+ 38. Qd3 Qe5 39. Qb3 Qe1+ 40. Rd1 Qe4+ 41. Qd3 Qxb7 42. Qd5 Qxb2# 0-1

[Event "Early-Titled-Tuesday-Blitz-March-19-2024"]
[Site "Chess.com"]
[Date "2024.03.19"]
[Round "1"]
[White "Kostukov_Alex"]
[Black "Let_it_be_1"]
[Result "0-1"]
[WhiteElo "2254"]
[BlackElo "2626"]
[TimeControl "180+1"]
[EndTime "8:07:23 PDT"]
[Termination "Let_it_be_1 won on time"]

1. g3 d5 2. Bg2 e6 3. d3 Nf6 4. e4 dxe4 5. dxe4 Qxd1+ 6. Kxd1 e5 7. f3 Be6 8. Be3 Nbd7 9. Nd2 O-O-O 10. Bh3 Bc5 11.
Ke2 Bxh3 12. Nxh3 h6 13. Nc4 Rhe8 14. Rhd1 Bxe3 15. Kxe3 Ng8 16. Nf2 Ne7 17. c3 Nc6 18. b4 Nb6 19. Nb2 Rxd1 20. Rxd1 a5 21. b5 Nd8 22. Nfd3 f6 23. Nc5 Ne6 24. Nxe6 Rxe6 25. f4 exf4+ 26. gxf4 g5 27. h4 gxh4 28. Rh1 f5 29. e5 Nd5+ 30. Kf3 Nxc3 31. Rxh4 Nxb5 32.
Nc4 a4 33. Ne3 Nd4+ 34. Kf2 Rb6 35. Rh5 Rb2+ 36. Kg3 Rxa2 37. Nxf5 Nxf5+ 38. Rxf5 a3 39. Rf8+ Kd7 40. f5 Re2 41. Kf4 a2 0-1

[Event "Early-Titled-Tuesday-Blitz-March-19-2024"]
[Site "Chess.com"]
[Date "2024.03.19"]
[Round "1"]
[White "Oleksandr_Bortnyk"]
[Black "axvesik"]
[Result "1-0"]
[WhiteElo "3040"]
[BlackElo "2561"]
[TimeControl "180+1"]
[EndTime "8:07:24 PDT"]
[Termination "Oleksandr_Bortnyk won by resignation"]

1. e4 e6 2. Nf3 d5 3. e5 c5 4. d4 Nc6 5. Bd3 cxd4 6. O-O Nge7 7. Bf4 Ng6 8. Bg3 Be7 9. Nbd2 O-O 10. Re1 Bd7 11. Nb3 Qb6 12. h4 f5 13.
exf6 Rxf6 14. h5 Nf4 15. Bh4 Nxd3 16. cxd3 Rf7 17. Bxe7 Rxe7 18. Ne5 Nxe5 19. Rxe5 Ba4 20. Qg4 Bxb3 21. axb3 Rae8 22. h6 Qxb3 23. Rxe6 g6 24. Qxd4 Qb5 25. Rxa7 Qd7 26. Rxe7 Rxe7 27. Ra8+ Kf7 28.
Qf4+ Ke6 29. Rf8 d4 30. Qe4+ Kd6 31. Qxd4+ Kc6 32. Rf6+ Kc7 33. Qf4+ Kc8 34. Rf8+ Re8 35. Qc4+ Kb8 36. Rxe8+ Qxe8 37. Qf4+ Ka7 38. Qe3+ Qxe3 39.
fxe3 1-0

[Event "Early-Titled-Tuesday-Blitz-March-19-2024"]
[Site "Chess.com"]
[Date "2024.03.19"]
[Round "1"]
[White "Seochesspie"]
[Black "cande_francisco"]
[Result "1-0"]
[WhiteElo "2887"]
[BlackElo "2503"]
[TimeControl "180+1"]
[EndTime "8:07:24 PDT"]
[Termination "Seochesspie won by resignation"]

1. e4 c5 2. Nf3 a6 3. b3 Nc6 4. Bb2 e6 5. g3 Nf6 6. Qe2 Be7 7.
Bg2 d5 8. exd5 exd5 9. O-O O-O 10. d3 Re8 11. Nbd2 Bg4 12. Rfe1 Nd4 13. Qd1 Rc8 14. Qc1 Nxf3+ 15. Nxf3 Qc7 16. Be5 Qd7 17. Bb2 Bh3 18. Bh1 d4 19. a4 Bd6 20. Qg5 h6 21. Qd2 Rxe1+ 22. Rxe1 Re8 23. Rxe8+ Qxe8 24. Qe1 Qd7 25. Nd2 b5 26. axb5 axb5 27. b4 Be7 28. bxc5 Bxc5 29. Nb3 Bb6 30. Qe5 Qa7 31. Bg2 Qa2 32.
Bxh3 Qxb2 33. Qb8+ Kh7 34. Qxb6 Qb1+ 35. Bf1 Qxc2 36.
Nxd4 Qd2 37. Nxb5 Ng4 38. Qd4 h5 39. h3 Nf6 40. Nc3 Qc1 41. Ne4 1-0

[Event "Early-Titled-Tuesday-Blitz-March-19-2024"]
[Site "Chess.com"]
[Date "2024.03.19"]
[Round "1"]
[White "YaWaleriy"]
[Black "Vaibhavraut99"]
[Result "0-1"]
[WhiteElo "2359"]
[BlackElo "2718"]
[TimeControl "180+1"]
[EndTime "8:07:27 PDT"]
[Termination "Vaibhavraut99 won on time"]

1. d4 Nf6 2. Nf3 e6 3. c4 b6 4. e3 Bb7 5. Bd3 Be7 6. O-O O-O 7. b3 d5 8. Bb2 dxc4 9. bxc4 c5 10. Qe2 cxd4 11.
exd4 Nc6 12. Nbd2 Rc8 13. Rac1 Re8 14. Rfd1 Bf8 15. h3 Qe7 16. Nf1 Red8 17. Ng3 g6 18.
Qe3 Bg7 19. Ne5 Nxe5 20. dxe5 Nd7 21. f4 Nc5 22. Bb1 Bf8 23. Kh2 Qh4 24. Bc2 Bh6 25. Rf1 Rd7 26. Rcd1 Rcd8 27. Rxd7 Rxd7 28. Ne2 Qd8 29.
Bc3 Ba6 30. Bb3 Rd3 31. Qc1 Bb7 32. Ng3 Qh4 33. Bd2 Qxg3+ 0-1